Selects Luftwaffe Battlegroup
Selects Luftwaffe Pioneer Support
Fallschirmpioneer Squad Paradrop
Construct Infanterie Kompanie
Fallschirmpioneer Squad Paradrop
Construct Panzergrenadier Kompanie
Selects Flak 38 Anti-Air Emplacement
Selects Flak 36 Anti-tank Gun Emplacement
Fallschirmpioneer Squad Paradrop
Selects Reconnaissance Run
Selects Fallschirmjäger Squad Paradrop
Panzergrenadier Officer Quarters
Fallschirmpioneer Squad Paradrop
Fallschirmpioneer Squad Paradrop